 Dungeon Crawl Stone Soup version 0.18-a0-1327-gce91241 (webtiles) character file.

31 Gottschkopf the Conjurer (level 3, 0/16 HPs)
             Began as a Vine Stalker Conjurer on Feb 16, 2016.
             Slain by Grinder (3 damage)
             ... on level 3 of the Dungeon.
             The game lasted 00:05:33 (1502 turns).

Gottschkopf the Conjurer (Vine Stalker Conjurer)    Turns: 1502, Time: 00:05:34

Health: 0/16       AC:  4    Str: 10    XL:     3   Next: 22%
Magic:  0/8        EV: 12    Int: 16    God:
Gold:   133        SH:  0    Dex: 14    Spells: 3 memorised, 1 level left

rFire  + . .     SeeInvis .     n - +0 dagger (drain)
rCold  x . .     Gourm    .     o - +0 robe
rNeg   . . .     Faith    .     (no shield)
rPois  .         Spirit   +     l - +0 helmet
rElec  .         Dismiss  .     (no cloak)
rCorr  .         Reflect  .     e - +0 pair of gloves
SustAt .         Harm     +     (no boots)
MR     .....                    m - amulet of harm
Stlth  ++........               (no ring)
                                h - ring of fire

@: not resistant to hostile enchantments, unstealthy
A: fangs 2, regeneration 1, magic shield, antimagic bite, no device heal 3, rot
immunity
a: no special abilities


You were on level 3 of the Dungeon.
You were not hungry.

You visited 1 branch of the dungeon, and saw 3 of its levels.

You collected 133 gold pieces.

Inventory:

Hand Weapons
 n - a +0 dagger of draining (weapon)
Armour
 e - a +0 pair of gloves (worn)
 l - a +0 helmet (worn)
 o - a +0 robe (worn)
Jewellery
 h - a ring of fire (left hand)
 m - an amulet of harm (around neck)
Scrolls
 d - 2 scrolls of identify {unknown}
 p - a scroll of blinking {unknown}
Potions
 f - 3 potions of curing
 i - a potion of might {unknown}
 j - a potion of resistance {unknown}
 r - a potion of flight {unknown}
Books
 b - a book of Conjurations

   Spells                             Type                      Level
   a - Magic Dart                     Conjuration                  1
   b - Searing Ray                    Conjuration                  2
   c - Dazzling Spray                 Conjuration/Hexes            3
   d - Fulminant Prism                Conjuration/Hexes            4
   e - Iskenderun's Mystic Blast      Conjuration                  4
   f - Iskenderun's Battlesphere      Conjuration/Charms           5
Comestibles
 a - a beef jerky
 c - 2 bread rations
 k - a slice of pizza
 q - 2 meat rations


   Skills:
 + Level 1.7 Dodging
 + Level 2.7 Stealth
 + Level 2.7 Spellcasting
 + Level 4.5 Conjurations


You had one spell level left.
You knew the following spells:

 Your Spells              Type           Power        Failure   Level  Hunger
a - Magic Dart            Conj           ###.         3%          1    #......
b - Searing Ray           Conj           ###...       6%          2    ##.....
c - Dazzling Spray        Conj/Hex       #.......     28%         3    ###....


Dungeon Overview and Level Annotations

Branches:
Dungeon (3/15)

Altars:
Xom

Annotations:
D:3 Grinder


Innate Abilities, Weirdness & Mutations

You have extremely sharp teeth.
Your natural rate of healing is unusually fast.
When hurt, damage is shared between your health and your magic reserves.
Your bite disrupts and absorbs the magic of your enemies.
Potions and wands cannot restore your health.
You are immune to rotting.


Message History

Grinder is lightly wounded.
The searing ray hits Grinder.
Grinder is heavily wounded.
The searing ray hits Grinder.
Grinder is severely wounded.
Grinder gestures at you. Pain shoots through your body!
Ouch! That really hurt!
* * * LOW HITPOINT WARNING * * *
Casting: Searing Ray
Confirm with . or Enter, or press ? or * to list all spells.
Aiming: Magic Dart
Press: ? - help, Shift-Dir - straight line, f/p - Grinder
Aim: Grinder (severely wounded)
The magic dart hits Grinder.
Grinder is severely wounded.
Grinder closely misses you.
Drink which item? (? for menu, Esc to quit)
It was a potion of curing.
That felt strangely inert.
Grinder hits you.
You die...

.. #.# ...
#.####.# #..
#.#..... #..
#.#.##.# #..
#.#.##.# #..
##....#<# #..
#...#...#
#..##.....###
#..@...#.##
##5###.#.# #.
#.#.# ..
).>.. ...
#..## #...
#..# ....
...# ##..#
##.#


You could see Grinder.

Vanquished Creatures
  A giant gecko (D:1)
  2 ball pythons (D:1)
  3 bats (D:1)
  4 giant cockroaches
  3 goblins
  7 hobgoblins
  A giant newt (D:2)
  2 kobolds
  3 rats
26 creatures vanquished.

Notes
Turn   | Place    | Note
--------------------------------------------------------------
     0 | D:1      | Gottschkopf the Vine Stalker Conjurer began the quest for the Orb.
     0 | D:1      | Reached XP level 1. HP: 9/9 MP: 4/4
   143 | D:1      | Reached XP level 2. HP: 13/13 MP: 4/6
   147 | D:1      | Learned a level 2 spell: Searing Ray
   890 | D:2      | Reached XP level 3. HP: 16/16 MP: 5/7
   915 | D:2      | Learned a level 3 spell: Dazzling Spray
  1024 | D:2      | Found a shimmering altar of Xom.
  1496 | D:3      | Noticed Grinder
  1502 | D:3      | Slain by Grinder

Vault maps used:
D:1:      dpeg_arrival_rhombus
D:2:      xom_teletrap_fun
D:3:      grunt_temple_overflow_open, uniq_grinder, uniq_natasha,
          uniq_crazy_yiuf_cottage

Action                   || total
-------------------------++-------
Melee: Unarmed           ||    16
       Dagger            ||     2
 Cast: Magic Dart        ||    52
       Searing Ray       ||     1
  Use: Potion            ||     1
 Stab: Sleeping          ||     2
  Eat: Chunk             ||     2
